 Dungeon Sprint DCSS version 0.28.0-43-g3370ac3207 (webtiles) character file.

Game seed: 9762509996084601438

6774 boopmooplesden the Severer (level 10, -1/171 HPs)
             Began as a Minotaur Berserker on Mar 12, 2022.
             Was the Champion of Trog.
             Slain by a skeletal warrior
             ... wielding a +0 halberd of venom
              (27 damage)
             ... in the Dungeon (Sprint II: "The Violet Keep of Menkaure").
             The game lasted 00:04:40 (1754 turns).

boopmooplesden the Severer (Minotaur Berserker)     Turns: 1754, Time: 00:04:40

Health: -1/171     AC: 11    Str: 30    XL:     10   Next: 76%
Magic:  9/9        EV: 15    Int:  6    God:    Trog [******]
Gold:   626        SH:  0    Dex: 15    Spells: 9/9 levels left

rFire   + . .      SeeInvis .   j - +0 broad axe
rCold   . . .      Faith    .   (no shield)
rNeg    . . .      Spirit   .   i - +3 scale mail of the Pear {Dex+5}
rPois   .          Reflect  .   (helmet restricted)
rElec   .          Harm     .   (no cloak)
rCorr   .          Rampage  .   (no gloves)
Will    .....      NoTele   +   (no boots)
Stlth   ..........              (no amulet)
HPRegen 0.38/turn               k - ring "Voazeuz" {rF+ Str+6}
MPRegen 0.11/turn               (no ring)

@: berserking, lethally poisoned (-1 -> -44), very quick
A: horns 2, retaliatory headbutt
a: Renounce Religion, Berserk, Trog's Hand, Brothers in Arms


You were in the Dungeon.
You worshipped Trog.
Trog was exalted by your worship.
You visited 1 branch You collected 1401 gold pieces.
You spent 775 gold pieces at shops.

Inventory:

Hand Weapons
 a - a +0 hand axe
 j - a +0 broad axe (weapon)
Armour
 b - a +0 animal skin
 i - the +3 scale mail of the Pear (worn) {Dex+5}
   (You bought it in a shop in the Dungeon)

   Dex:       It affects your dexterity (+5).
 m - a +2 cloak
Jewellery
 k - the ring "Voazeuz" (left hand) {rF+ Str+6}
   (You bought it in a shop in the Dungeon)

   [ring of protection from fire]

   Str:       It affects your strength (+6).
   rF:        It protects you from fire.
 u - a ring of flight
Scrolls
 h - a scroll of blinking
Potions
 c - 3 potions of curing
 d - 2 potions of heal wounds
 e - 2 potions of haste
 f - 5 potions of magic
 g - 2 potions of berserk rage
 l - 3 potions of resistance
 n - a potion of might
 p - a potion of lignification
 q - 4 potions of flight


   Skills:
 + Level 18.9 Fighting
 + Level 20.0 Axes
 + Level 10.3 Armour
 + Level 9.2 Dodging
 + Level 2.6 Stealth


You had 9 spell levels left.
You didn't know any spells.
Your spell library was empty.

Dungeon Overview and Level Annotations

Branches:
Dungeon (1/1)

Altars:
Cheibriados
Dithmenos
Elyvilon
Fedhas
Gozag
Hepliaklqana
Kikubaaqudgha
Makhleb
Nemelex Xobeh
Okawaru
Qazlal
Ru
Sif Muna
Trog
Uskayaw
Vehumet
Wu Jian
Xom
Yredelemnul
Zin
The Shining One
Beogh
Jiyva
Lugonu

Shops:
D =:(=?![?:[(?:*!

Annotations:
D exclusions: obsidian statue and oklob plant, Roxanne


Innate Abilities, Weirdness & Mutations

You have a pair of horns on your head.
You reflexively headbutt those who attack you in melee.


Message History

You barely miss the skeletal warrior. You headbutt the skeletal warrior!
The skeletal warrior is heavily damaged.
The skeletal warrior hits you with a +0 halberd of venom!
You are poisoned.
You slash the skeletal warrior!
Your headbutt misses the skeletal warrior.
The skeletal warrior is severely damaged.
You feel sick.
The skeletal warrior completely misses you.
You furiously retaliate!
You headbutt the skeletal warrior. You barely miss the skeletal warrior.
Your headbutt misses the skeletal warrior.
The skeletal warrior is severely damaged.
You feel sick.
The skeletal warrior hits you with a +0 halberd of venom!
You are more poisoned.
You hit the skeletal warrior but do no damage.
The skeletal warrior is severely damaged.
You feel very sick.
You slash the skeletal warrior!
Your headbutt misses the skeletal warrior.
The skeletal warrior is almost destroyed.
You hit the spectral ball python but do no damage.
You feel very sick.
The skeletal warrior hits you with a +0 halberd of venom!
You hit the skeletal warrior.
The skeletal warrior is almost destroyed.
You slice the spectral ball python!!
You destroy the spectral ball python!
Trog accepts your kill.
You feel very sick.
The skeletal warrior hits you with a +0 halberd of venom!!
* * * LOW HITPOINT WARNING * * *
You are lethally poisoned!
A red film seems to cover your vision as you go berserk!
You feel yourself moving faster!
You feel mighty!
* * * LOW HITPOINT WARNING * * *
You feel extremely sick.
The skeletal warrior hits you with a +0 halberd of venom!!
You die...

############≈≈#+++#+++##
###########≈≈≈.........#
##.......∩#≈≈≈≈.##'##..#
##∩.....∩.#≈≈≈≈##...##.####
##.∩...∩.∩#≈≈≈≈#..#..#....#
##..∩.∩.∩.#≈≈####.#.####..#
##.∩.∩.∩..#≈##.###'###.##..
##..∩.∩...#≈##..##)##.#.#..
##...⌠...z@≈'.##'.<))###†..
##........#≈##..##.##.#.#..
#▓▓▓▓▓▓▓###≈##.###'###.##..
##$FY######≈≈####.).####≈≈.
#?.F#$ ##≈≈≈#..#..#≈≈§≈≈
#∩P$+/[ #'#≈##.○.##≈≈≈≈≈
#$$?#?# #.#≈≈##○##≈≈≈≈§≈
#!.[ ## ####≈≈°≈°≈≈≈§≈≈≈
#'°'#'''#≈≈≈≈


You could see a death yak, a skeletal warrior, an oklob plant and 2 cane toads.

Vanquished Creatures
  Kirke (D)
  A yaktaur captain (D)
  A centaur warrior (D)
  2 deep trolls (D)
  A merfolk siren (D)
  An elephant (D)
  A kobold demonologist (D)
  A yaktaur (D)
  3 polar bears (D)
  A hornet (D)
  A blink frog (D)
  2 wyverns (D)
  Menkaure (D)
  3 water moccasins (D)
  4 necrophages (D)
  4 scorpions (D)
  A spectral bat (D)
  A spectral ball python (D)
  2 tentacles (D)
32 creatures vanquished.

Vanquished Creatures (others)
  A water moccasin (D)
  15 tentacles (D)
16 creatures vanquished.

Grand Total: 48 creatures vanquished

Notes
Turn   | Place    | Note
-------+----------+-------------------------------------------
     0 | D        | boopmooplesden the Minotaur Berserker began the quest for
                  | the Orb.
     0 | D        | Reached XP level 1. HP: 19/19 MP: 0/0
     1 | D        | Noticed a necrophage
     1 | D        | Noticed a necrophage
     1 | D        | Noticed a necrophage
     1 | D        | Noticed a necrophage
     5 | D        | Killed a necrophage
     6 | D        | Reached skill level 7 in Axes
     6 | D        | Reached XP level 2. HP: 34/34 MP: 1/1
     6 | D        | Reached XP level 3. HP: 39/39 MP: 2/2
     6 | D        | Reached XP level 4. HP: 47/47 MP: 3/3
    12 | D        | Killed a necrophage
    13 | D        | Reached skill level 8 in Axes
    13 | D        | Reached XP level 5. HP: 55/57 MP: 4/4
    16 | D        | Killed a necrophage
    16 | D        | Reached ** piety under Trog
    17 | D        | Reached skill level 10 in Fighting
    17 | D        | Reached skill level 9 in Axes
    17 | D        | Reached skill level 5 in Armour
    19 | D        | Killed a necrophage
    20 | D        | Reached skill level 10 in Axes
    20 | D        | Reached skill level 5 in Dodging
    20 | D        | Reached XP level 6. HP: 30/67 MP: 5/5
   128 | D        | Killed a water moccasin
   187 | D        | Noticed a wyvern
   187 | D        | Noticed a wyvern
   192 | D        | Killed a wyvern
   193 | D        | Reached skill level 11 in Axes
   196 | D        | Killed a wyvern
   197 | D        | Reached skill level 12 in Axes
   197 | D        | Reached XP level 7. HP: 78/78 MP: 6/6
   241 | D        | Reached *** piety under Trog
   256 | D        | Reached skill level 13 in Axes
   394 | D        | Noticed a merfolk siren
   412 | D        | Killed a merfolk siren
   412 | D        | Reached **** piety under Trog
   413 | D        | Reached XP level 8. HP: 89/89 MP: 7/7
   426 | D        | Found Afuyxtac's Book Emporium.
   426 | D        | Found Rithrat's Antique Weapon Emporium.
   426 | D        | Found Idduh's Book Emporium.
   426 | D        | Found Erafuar's Magic Scroll Shoppe.
   426 | D        | Found Ylyi's Antique Armour Shoppe.
   427 | D        | Found Loymeud's Antique Armour Shoppe.
   427 | D        | Found Qeffiut's Distillery.
   427 | D        | Found Qitad's Magic Scroll Shoppe.
   427 | D        | Found Irali's Assorted Antiques.
   428 | D        | Found Ziestas's Distillery.
   428 | D        | Found Coerumih's Magic Scroll Emporium.
   428 | D        | Noticed Menkaure
   428 | D        | Noticed a cane toad
   428 | D        | Noticed a cane toad
   444 | D        | Killed Menkaure
   445 | D        | Reached skill level 14 in Axes
   447 | D        | Noticed a death yak
   451 | D        | Noticed a blink frog
   455 | D        | Killed a blink frog
   488 | D        | Found Bupaon's Jewellery Emporium.
   488 | D        | Found Vuimnystro's Antique Weapon Shoppe.
   488 | D        | Noticed an oklob plant
   489 | D        | Found Kuruggo's Book Shoppe.
   489 | D        | Found Ywiosytu's Jewellery Emporium.
   502 | D        | Bought a faintly humming scale mail for 225 gold pieces
   502 | D        | Identified the +3 scale mail of the Pear {Dex+5} (You
                  | bought it in a shop in the Dungeon)
   518 | D        | Bought a broad axe for 104 gold pieces
   544 | D        | Bought the ring "Voazeuz" {rF+ Str+6} for 446 gold pieces
   570 | D        | Found an iron altar of Okawaru.
   570 | D        | Found an opulent altar of Gozag.
   571 | D        | Found a sparkling altar of Nemelex Xobeh.
   571 | D        | Found a blossoming altar of Fedhas.
   572 | D        | Found a radiant altar of Vehumet.
   572 | D        | Found a burning altar of Makhleb.
   572 | D        | Found a white marble altar of Elyvilon.
   573 | D        | Found a hide-covered altar of Uskayaw.
   573 | D        | Found a corrupted altar of Lugonu.
   573 | D        | Found a shadowy altar of Dithmenos.
   574 | D        | Found a glowing silver altar of Zin.
   574 | D        | Found a bloodstained altar of Trog.
   574 | D        | Found an ancient bone altar of Kikubaaqudgha.
   575 | D        | Found a basalt altar of Yredelemnul.
   575 | D        | Found a shimmering blue altar of Sif Muna.
   575 | D        | Found a viscous altar of Jiyva.
   576 | D        | Found a shimmering altar of Xom.
   576 | D        | Found a sacrificial altar of Ru.
   577 | D        | Found a glowing golden altar of the Shining One.
   577 | D        | Found an ornate altar of the Wu Jian Council.
   578 | D        | Noticed a yaktaur
   578 | D        | Noticed a hornet
   578 | D        | Noticed a polar bear
   578 | D        | Noticed a polar bear
   582 | D        | Killed a polar bear
   582 | D        | Noticed a polar bear
   583 | D        | Reached skill level 15 in Fighting
   583 | D        | Reached skill level 15 in Axes
   585 | D        | Killed a polar bear
   585 | D        | Reached ***** piety under Trog
   589 | D        | Killed a polar bear
   590 | D        | Reached XP level 9. HP: 100/100 MP: 8/8
   593 | D        | Reached skill level 16 in Axes
   594 | D        | Killed a yaktaur
   669 | D        | Found a stormy altar of Qazlal.
   675 | D        | Noticed a kraken
   682 | D        | Reached skill level 1 in Stealth
   687 | D        | Found a hazy altar of Hepliaklqana.
   687 | D        | Found a snail-covered altar of Cheibriados.
   766 | D        | Noticed a deep troll
   766 | D        | Noticed a deep troll
   771 | D        | Killed a deep troll
   772 | D        | Reached skill level 17 in Axes
   776 | D        | Killed a deep troll
   777 | D        | Reached skill level 18 in Axes
   777 | D        | Reached XP level 10. HP: 111/111 MP: 9/9
   822 | D        | Found the +2 hood of the Assassin {Detection Stab+ Stlth++}
  1140 | D        | Noticed Roxanne
  1445 | D        | Noticed an obsidian statue
  1462 | D        | Noticed Kirke
  1462 | D        | Noticed a yaktaur captain
  1481 | D        | Killed a yaktaur captain
  1490 | D        | Killed Kirke
  1490 | D        | Reached ****** piety under Trog
  1491 | D        | Reached skill level 19 in Axes
  1506 | D        | Noticed a centaur warrior
  1511 | D        | Killed a centaur warrior
  1512 | D        | Reached skill level 10 in Armour
  1515 | D        | Noticed a skeletal warrior
  1532 | D        | Noticed an elephant
  1539 | D        | Killed an elephant
  1540 | D        | Reached skill level 20 in Axes
  1754 | D        | Slain by a skeletal warrior

Illustrated notes

Levels and vault maps discovered:
D:        the_violet_keep_of_menkaure [sprint2_stairs_cluster_1,
          sprint2_shoproom, sprint2_temple, sprint2_basic_supplies,
          sprint2_obstacle_3, sprint2_obstacle_6, sprint2_obstacle_7,
          sprint2_obstacle_4, sprint2_obstacle_5, sprint2_timed_cluster_1,
          sprint2_smallroom_cluster_1, sprint2_smallroom_final_cluster_1,
          sprint2_transparent_cluster_1, sprint2_second_timed_cluster_1,
          sprint2_sniper_area_1, sprint2_heavy_combat_area_1,
          sprint2_mutation_trap_area_1, sprint2_forest_area_1,
          sprint2_light_combat_area_1, sprint2_behind_water_1,
          sprint2_near_end_vault_1]

Skill      XL: |  1  2  3  4  5  6  7  8  9 10 |
---------------+-------------------------------+-----
Fighting       | 7 9 10 12 14 15 17 18 | 18.9
Axes           | 7 8 10 12 13 15 18 20 | 20.0
Armour         | 4 5 6 7 8 10 | 10.3
Dodging        | 3 4 5 6 7 8 9 |  9.2
Stealth        | 1 2 |  2.6

Action                   |  1- 3 |  4- 6 |  7- 9 | 10-12 || total
-------------------------+-------+-------+-------+-------++-------
Melee: Hand axe          |     3 |    21 |    38 |       ||    62
       Headbutt          |     1 |     1 |    19 |    16 ||    37
       Punch             |       |       |     1 |       ||     1
       Broad axe         |       |       |    26 |    51 ||    77
Invok: Berserk           |     1 |     1 |     3 |     3 ||     8
  Use: Scroll            |       |       |       |     7 ||     7
       Potion            |       |       |       |     1 ||     1
Armor: Animal skin       |       |       |     1 |       ||     1
       Scale mail        |       |       |     8 |    13 ||    21
Dodge: Dodged            |       |     6 |    33 |    18 ||    57
